 Dungeon Crawl Stone Soup version 0.28-a0-249-g9004c80361 (webtiles) character file.

Game seed: 2469584032731017148

1647 Malachi the Covert (level 9, 0/61 HPs)
             Began as an Octopode Delver on Aug 26, 2021.
             Was a Follower of Fedhas.
             Slain by a centaur (3 damage)
             ... on level 7 of the Dungeon.
             The game lasted 00:09:16 (5836 turns).

Malachi the Covert (Octopode Delver)                Turns: 5836, Time: 00:09:16

Health: 0/61       AC:  1    Str: 11    XL:     9   Next: 0%
Magic:  9/9        EV: 13    Int: 11    God:    Fedhas [*.....]
Gold:   183        SH:  0    Dex: 14    Spells: 8/8 levels left

rFire   + + +      SeeInvis .   j - +6 longbow "Killer Bee's Peril" {flame, rF+++ rN++ Will- Int-4}
rCold   . . .      Faith    .   (shield currently unavailable)
rNeg    + + .      Spirit   .   (helmet restricted)
rPois   .          Reflect  .   (no amulet)
rElec   .          Harm     .   (no ring)
rCorr   .          Rampage  .   (no ring)
Will    .....                   (no ring)
Stlth   ++++++....              (no ring)
HPRegen 0.20/turn               (no ring)
MPRegen 0.11/turn               (no ring)
                                (no ring)
                                (no ring)

@: hasted, very quick
A: almost no armour, amphibious, 8 rings, camouflage 1, gelatinous body 1,
(nimble swimmer 1), tentacles
a: Renounce Religion


You were on level 7 of the Dungeon.
You worshipped Fedhas.
Fedhas was aware of your devotion.
You visited 2 branches of the dungeon, and saw 8 of its levels.

You collected 183 gold pieces.

Inventory:

Hand Weapons
 a - a +0 spear
 j - the +6 longbow "Killer Bee's Peril" (weapon) {flame, rF+++ rN++ Will- Int-4}
   (You acquired it on level 1 of the Dungeon)

   Any ammunition fired from it burns those it strikes, dealing additional fire
   damage.
   Int:       It affects your intelligence (-4).
   rF:        It renders you almost immune to fire.
   rN:        It greatly protects you from negative energy.
   Will:      It decreases your willpower.
 k - a +0 hunting sling
Missiles
 l - 61 poisoned darts
 n - a throwing net
 o - 7 arrows (quivered ammo)
Jewellery
 t - a ring of see invisible
Wands
 f - a wand of digging (3)
 h - a wand of iceblast (7)
 p - a wand of mindburst (18)
Scrolls
 b - 2 scrolls of fog
 c - a scroll of magic mapping
 d - 2 scrolls of amnesia
 r - a scroll of vulnerability {unknown}
Potions
 e - a potion of haste
 g - a potion of brilliance {unknown}
 i - 5 potions of curing {unknown}
 m - a potion of invisibility {unknown}
 q - a potion of attraction {unknown}
 s - a potion of heal wounds {unknown}


   Skills:
 + Level 5.2 Fighting
 + Level 4.1 Polearms
 + Level 6.3 Bows
 + Level 2.7 Dodging
 + Level 11.3 Stealth
 + Level 0.4 Evocations


You had 8 spell levels left.
You didn't know any spells.
Your spell library contained the following spells:

 Spells                   Type           Power      Damage    Failure   Level
 Animate Skeleton         Necr           0%         N/A       34%         1
 Pain                     Necr           0%         1d4       34%         1
 Ignite Poison            Fire/Tmut/Pois 0%         N/A       71%         3
 Inner Flame              Hex/Fire       0%         N/A       71%         3
 Mephitic Cloud           Conj/Pois/Air  0%         N/A       71%         3
 Vampiric Draining        Necr           0%         2d6       71%         3
 Cause Fear               Hex            0%         N/A       98%         4
 Bolt of Magma            Conj/Fire/Erth 0%         4d4       100%        5
 Discord                  Hex            0%         N/A       100%        8


Dungeon Overview and Level Annotations

Branches:
Dungeon (7/15)             Temple (1/1) D:4

Altars:
Ashenzari
Dithmenos
Elyvilon
Fedhas
Gozag
Hepliaklqana
Kikubaaqudgha
Makhleb
Nemelex Xobeh
Qazlal
Ru
Sif Muna
Trog
Uskayaw
Vehumet
Wu Jian
Xom
Yredelemnul
Zin
The Shining One


Innate Abilities, Weirdness & Mutations

You cannot wear most types of armour.
You are amphibious.
You can wear up to eight rings at the same time.
Your skin changes colour to match your surroundings (Stealth+).
Your rubbery body absorbs attacks. (AC +1, EV +1)
((You are camouflaged near water. (Stealth+)))
You have tentacles for arms and can constrict up to eight enemies at once.


Message History

Unknown command.
You feel yourself speed up.
The centaur wields a +2 shortbow of flaming.
It bursts into flame!
The centaur shoots an arrow.
The arrow closely misses you. The gnoll hits you with a +0 whip.
Fire: 11 arrows
Press: ? - help, Q - select action, (/) - cycle Shift-Dir - straight line, f - gnoll
Aim: a gnoll, wielding a +0 whip and wearing a +0 tower shield (77% to hit)
You shoot an arrow. The arrow hits the gnoll!
The arrow burns the gnoll.
You kill the gnoll!
Fedhas appreciates your contribution to the ecosystem.
The centaur shoots an arrow.
The arrow hits you!
You have reached level 9!
Your experience leads to an increase in your attributes!
Your base attributes are Str 11, Int 14, Dex 14.
Increase (S)trength, (I)ntelligence, or (D)exterity?
You feel clever.
Fire: 10 arrows
Press: ? - help, Q - select action, (/) - cycle Shift-Dir - straight line, f - centaur
Aim: a centaur, wielding a +2 shortbow of flaming and quivering arrows (77% to hit)
You shoot an arrow. The arrow closely misses the centaur.
The centaur shoots an arrow.
The arrow hits you!
* * * LOW HITPOINT WARNING * * *
The centaur shoots an arrow.
The arrow completely misses you.
Fire: 9 arrows
Press: ? - help, Q - select action, (/) - cycle Shift-Dir - straight line, f/p - centaur
Aim: a centaur, wielding a +2 shortbow of flaming and quivering arrows (77% to hit)
You shoot an arrow. The arrow closely misses the centaur.
Unknown command.
Fire: 8 arrows
Press: ? - help, Q - select action, (/) - cycle Shift-Dir - straight line, f/p - centaur
Aim: a centaur, wielding a +2 shortbow of flaming and quivering arrows (77% to hit)
You shoot an arrow. The arrow hits the centaur.
The arrow burns the centaur.
The centaur is lightly wounded.
The centaur unwields a +2 shortbow of flaming.
It stops flaming.
The centaur hits you.
* * * LOW HITPOINT WARNING * * *
The centaur kicks you.
You die...
Fedhas appreciates your contribution to the ecosystem.

### #### >.
.... ..#.?#
#.#..# # .
#....#.#
...#....#.#####
........)...$..
.?.....@c(#
###########


You could see a centaur.

Vanquished Creatures
  2 black bears
  3 ogres
  2 necrophages
  A centaur (D:5)
  A phantom (D:4)
  A scorpion (D:6)
  A bullfrog (D:6)
  A wyvern zombie (D:5)
  A water moccasin zombie (D:6)
  2 water moccasin skeletons
  2 centaur zombies
  3 hounds
  An orc priest (D:6)
  Jessica (D:2)
  3 iguanas
  An orc wizard (D:4)
  A scorpion zombie (D:5)
  A killer bee zombie (D:6)
  7 gnolls
  8 adders
  An adder zombie (D:5)
  A worm (D:3)
  4 dart slugs
  5 orcs
  6 endoplasms
  5 giant cockroaches
  6 goblins
  4 hobgoblins
  2 jackals (D:1)
  5 quokkas
  3 ball pythons
  7 bats
  5 frilled lizards
  5 kobolds
  5 rats
107 creatures vanquished.

Vanquished Creatures (others)
  5 plants (D:5)
5 creatures vanquished.

Grand Total: 112 creatures vanquished

Notes
Turn   | Place    | Note
-------+----------+-------------------------------------------
     0 | D:5      | Malachi the Octopode Delver began the quest for the Orb.
     0 | D:5      | Reached XP level 1. HP: 16/16 MP: 1/1
    12 | D:5      | Reached skill level 7 in Stealth
    12 | D:5      | Reached XP level 2. HP: 15/21 MP: 2/2
   105 | D:5      | Noticed a necrophage
   186 | D:5      | Reached skill level 8 in Stealth
   186 | D:5      | Reached XP level 3. HP: 19/26 MP: 3/3
   186 | D:5      | Reached XP level 4. HP: 22/31 MP: 4/4
   271 | D:5      | Noticed an ogre
   281 | D:5      | Killed an ogre
   282 | D:5      | Reached skill level 9 in Stealth
   282 | D:5      | Reached XP level 5. HP: 36/36 MP: 5/5
   289 | D:5      | Found an ornate altar of the Wu Jian Council.
   344 | D:5      | Noticed a phantom
   365 | D:5      | Noticed a centaur
   386 | D:4      | Killed a phantom
   387 | D:4      | Reached XP level 6. HP: 8/42 MP: 6/6
   684 | D:4      | Reached skill level 10 in Stealth
  1032 | D:3      | Found a hazy altar of Hepliaklqana.
  1908 | D:2      | Noticed Jessica
  1915 | D:2      | Killed Jessica
  1918 | D:2      | Reached XP level 7. HP: 41/47 MP: 7/7
  2809 | D:1      | Found a faded altar of an unknown god.
  3316 | D:1      | Identified a scroll of acquirement
  3317 | D:1      | Acquired the +6 longbow "Killer Bee's Peril" {flame, rF+++
                  | rN++ Will- Int-4}
  3453 | D:4      | Found a staircase to the Ecumenical Temple.
  3626 | D:4      | Reached skill level 1 in Bows
  3626 | D:4      | Reached skill level 11 in Stealth
  4081 | D:4      | Found a radiant altar of Vehumet.
  4083 | D:4      | Found a sacrificial altar of Ru.
  4085 | D:4      | Found a glowing silver altar of Zin.
  4193 | Temple   | Entered the Ecumenical Temple
  4258 | Temple   | Became a worshipper of Fedhas Madash
  4313 | D:5      | Reached XP level 8. HP: 52/54 MP: 8/8
  4968 | D:6      | Reached skill level 5 in Fighting
  5472 | D:6      | Reached skill level 5 in Bows
  5639 | D:6      | Reached * piety under Fedhas
  5834 | D:7      | Reached XP level 9. HP: 22/61 MP: 9/9
  5836 | D:7      | HP: 3/61 [centaur (3)]
  5836 | D:7      | Slain by a centaur

Illustrated notes

Levels and vault maps discovered:
D:1:      zaba_arrival_water, layout_loops_cross,
          hellmonk_ecumenical_altar_crossroads
D:2:      layout_basic, uniq_jessica
D:3:      layout_basic, mainiacjoe_overflow_chevrons
D:4:      layout_cave_pools, grunt_temple_overflow_diamond,
          minmay_temple_entry_large_hall, grunt_decor_one_mirror,
          minmay_stone_trees_small, minmay_splitting_lines
D:5:      layout_cave_pools, lemuel_doored_altar, serial_park,
          serial_park_tiny_2, serial_park_tiny_2, serial_park_tiny_1,
          serial_park_square3 [serial_park_minivault_5x5_5], serial_park_tiny_1
D:6:      black_bear_nest_1, layout_loops_corners, serial_shops, shop
D:7:      layout_basic, lemuel_crystal_altar, kennysheep_slug_shrine,
          serial_shops, nicolae_shop_trees
Temple:   eino_wide_crystal_templ

Skill      XL: |  1  2  3  4  5  6  7  8 |
---------------+-------------------------+-----
Stealth        | 7 8 9 10 11 | 11.3
Polearms       | 3 4 |  4.1
Fighting       | 4 5 |  5.2
Bows           | 2 6 |  6.3
Dodging        | |  2.7
Evocations     | |  0.4

Action                   |  1- 3 |  4- 6 |  7- 9 || total
-------------------------+-------+-------+-------++-------
Melee: Spear             |    16 |   114 |    80 ||   210
       Tentacles         |     3 |    23 |    12 ||    38
       Constrict         |     2 |    22 |    17 ||    41
 Fire: Longbow           |       |       |   101 ||   101
Evoke: Wand              |       |     5 |       ||     5
  Use: Scroll            |       |       |     5 ||     5
       Potion            |       |       |     1 ||     1
 Stab: Distracted        |       |     1 |       ||     1
       Sleeping          |       |    13 |    21 ||    34
Armor: Skin              |       |     4 |     5 ||     9
Dodge: Dodged            |    10 |    39 |    57 ||   106

Table legend: (Time is in decaauts)
 A = Elapsed time spent in this place.
 B = Non-inter-level travel time spent in this place.
 C = Inter-level travel time spent in this place.
 D = Time resting spent in this place.
 E = Time spent auto-exploring this place.
 F = Levels seen in this place.
 G = Mean time per level.
                   A        B        C        D        E       F      G
               +--------+--------+--------+--------+--------+-----+--------+
         Total |   5880 |   5612 |    268 |    898 |   3619 |   8 |  735.0 |
       Dungeon |   5802 |   5545 |    257 |    898 |   3581 |   7 |  828.9 |
        Temple |     77 |     66 |     11 |      0 |     38 |   1 |   77.0 |
               +--------+--------+--------+--------+--------+-----+--------+

Top non-repeatable levels by time:
     D:4: 1315 daAuts
     D:5: 1235 daAuts
     D:2: 1002 daAuts
     D:3: 809 daAuts
     D:6: 727 daAuts
     D:1: 708 daAuts
  Temple: 77 daAuts
     D:7: 4 daAuts
